 Dungeon Crawl Stone Soup version 0.21-a0-404-g291f19a (webtiles) character file.

35 Insomnius the Slasher (level 3, -6/32 HPs)
             Began as a Naga Warper on Oct 30, 2017.
             Mangled by a worm (8 damage)
             ... on level 1 of the Dungeon.
             The game lasted 00:08:51 (1323 turns).

Insomnius the Slasher (Naga Warper)                 Turns: 1323, Time: 00:08:52

Health: -6/32      AC:  2    Str: 13    XL:     3   Next: 33%
Magic:  6/6        EV:  9    Int: 13    God:
Gold:   18         SH:  0    Dex: 11    Spells: 6/6 levels left

rFire    . . .     SeeInvis +   a - +0 falchion
rCold    . . .     Gourm    .   (no shield)
rNeg     . . .     Faith    .   b - +0 leather armour
rPois    +         Spirit   .   (no helmet)
rElec    .         Reflect  .   (no cloak)
rCorr    .         Harm     .   (no gloves)
MR       .....                  (no barding)
Stlth    +.........             g - amulet of inaccuracy (curse)
HPRegen  0.10/turn              (no ring)
MPRegen  0.10/turn              (no ring)

@: short of breath, very slow
A: see invisible, deformed body, poison resistance, slowness 2, slow metabolism
1, spit poison 1, AC +1
a: Spit Poison


You were on level 1 of the Dungeon.
You were very hungry.

You visited 1 branch of the dungeon, and saw 2 of its levels.

You collected 18 gold pieces.

Inventory:

Hand Weapons
 a - a +0 falchion (weapon)
Missiles
 e - 4 tomahawks of dispersal (quivered)
Armour
 b - a +0 leather armour (worn)
Jewellery
 g - a cursed amulet of inaccuracy (around neck)
Scrolls
 d - a scroll of blinking
 h - a scroll of magic mapping {unknown}
 l - a scroll of identify {unknown}
Potions
 k - a potion of magic {unknown}
Books
 c - a book of Spatial Translocations

   Spells                             Type                      Level
   a - Blink                          Translocation                2
   b - Shroud of Golubria             Charms/Translocation         2
   c - Lesser Beckoning               Translocation                3
   d - Gell's Gravitas                Translocation                3
   e - Teleport Other                 Translocation                3
   f - Passage of Golubria            Translocation                4
Comestibles
 f - a bread ration
 j - a meat ration


   Skills:
 - Level 2.0 Fighting
 * Level 3.6 Long Blades
 - Level 0.8 Throwing
 - Level 0.7 Armour
 - Level 1.5 Dodging
 - Level 2.0 Spellcasting
   Level 3.0 Translocations


You had 6 spell levels left.
You didn't know any spells.

Dungeon Overview and Level Annotations

Branches:
Dungeon (2/15)

Altars:


Innate Abilities, Weirdness & Mutations

You cannot wear boots.
Your serpentine skin is tough. (AC +1)
You have supernaturally acute eyesight. (SInv)
Armour fits poorly on your strangely shaped body.
Your system is resistant to poisons. (rPois)
You cover ground very slowly.
You have a slow metabolism.
You can spit poison.


Message History

You hit the giant cockroach.
You kill the giant cockroach!
The bat hits you. The worm bites you.
* * * LOW HITPOINT WARNING * * *
You barely miss the worm. The bat hits you but does no damage.
The worm bites you but does no damage.
You closely miss the worm.
You have got your breath back.
The bat barely misses you.
Press: ? - help, Shift-Dir - straight line, f - worm
Aim: a worm The splash of poison misses the worm.
You feel slightly more hungry. The bat closely misses you. The worm bites you!
* * * LOW HITPOINT WARNING * * *
You closely miss the worm. The bat barely misses you.
You riposte.
You miss the bat. You hit the worm.
The worm is lightly wounded.
The bat barely misses you.
You riposte.
You miss the bat. The worm bites you!
You die...

###.# #.# ####### #...#
#.# #......
#.#.####.#######.#####
##..##..##........# #
##........#.############
#...............).......
#...........############
##.....bw.#.# #
##.....@..#.# #
#.......)...# #
#...........# #
##........#.# #
##..##..##.# ######....#
######


You could see a worm and a bat.

Vanquished Creatures
  2 dart slugs (D:1)
  3 leopard geckos (D:1)
  2 giant cockroaches (D:1)
  A hobgoblin (D:1)
  A jackal (D:1)
  A ball python (D:1)
  7 bats (D:1)
  A frilled lizard (D:1)
  3 goblins
  3 kobolds (D:1)
  5 rats (D:1)
29 creatures vanquished.

Notes
Turn   | Place    | Note
-------+----------+-------------------------------------------
     0 | D:1      | Insomnius the Naga Warper began the quest for the Orb.
     0 | D:1      | Reached XP level 1. HP: 19/19 MP: 3/3
   252 | D:1      | Reached XP level 2. HP: 24/26 MP: 5/5
   745 | D:1      | Reached XP level 3. HP: 25/32 MP: 6/6
  1323 | D:1      | Mangled by a worm

Vault maps used:
D:1:      ncdulo_lavacross, st_stairs_5

Skill      XL: |  1  2 |
---------------+-------+-----
Long Blades    | 3 |  3.6
Fighting       | |  2.0
Throwing       | |  0.8
Armour         | |  0.7
Dodging        | |  1.5
Spellcasting   | |  2.0
Translocations | |  3.0

Action                   || total
-------------------------++-------
Melee: Falchion          ||    87
Throw: Tomahawk          ||     1
 Abil: Spit Poison       ||    30
  Eat: Chunk             ||     1
Armor: Leather armour    ||    41
Dodge: Dodged            ||    83
       Rpst.: Falchion   ||    32

Table legend:
 A = Spawn XP
 B = Non-spawn XP
 C = Spawn XP percentage of total XP
 D = Spawn monster count
 E = Non-spawn monster count
 F = Spawn count percentage of total count
 G = Total turns spent on level
                    A         B        C        D         E        F      G
               +---------+---------+-------+---------+---------+-------+---------
         Total |       0 |      50 |   0.0 |       0 |      29 |   0.0 |  1323
               +---------+---------+-------+---------+---------+-------+---------
           D:1 |       0 |      48 |   0.0 |       0 |      28 |   0.0 |  1311
           D:2 |       0 |       2 |   0.0 |       0 |       1 |   0.0 |    12
               +---------+---------+-------+---------+---------+-------+---------
